 Dungeon Crawl Stone Soup version 0.31-a0-931-g7b59d4eb97 (webtiles) character file.

Game seed: 8564439034572254122

28926 Sanktem7 the Severer (level 13, -5/117 HPs)
             Began as a Minotaur Fighter on Oct 20, 2023.
             Was the Champion of Okawaru.
             Killed from afar by a lindwurm (31 damage)
             ... with a blast of flame
             ... in a volcano.
             The game lasted 00:37:13 (16407 turns).

Sanktem7 the Severer (Minotaur Fighter)            Turns: 16407, Time: 00:37:13

Health: -5/117     AC: 34    Str: 36    XL:     13   Next: 12%
Magic:  12/12      EV:  5    Int:  3    God:    Okawaru [******]
Gold:   1156       SH: 27    Dex: 16    Spells: 12/12 levels left

rFire   . . .        r - +7 broad axe of Checks and Balances {holy, Str+7, axe}
rCold   . . .        P - +10 tower shield of Ignorance {rN+ Int-4}
rNeg    + . .        L - +2 crystal plate armour {rare=g}
rPois   .            b - +0 hat {Int+3}
rElec   +            z - +2 cloak
rCorr   .            (no gloves)
SInv    .            l - +2 pair of boots
Will    .....        (no amulet) Stlth
                     e - +6 ring of dexterity
HPRegen 0.39/turn    K - +4 ring of protection
MPRegen 0.13/turn

%: no passive effects
@: no status effects
A: horns 2, retaliatory headbutt, electricity resistance, strong 1, wild magic
1, MP-powered wands
a: Renounce Religion, Heroism, Finesse, Duel, Receive Weapon


You were in a volcano.
You worshipped Okawaru.
Okawaru was exalted by your worship.
You visited 3 branches of the dungeon, and saw 14 of its levels.
You also visited: Sewer, Ossuary, Bailey and Volcano.

You collected 1884 gold pieces.
You spent 728 gold pieces at shops.


Innate Abilities, Weirdness & Mutations

You have a pair of horns on your head.
You reflexively headbutt those who attack you in melee.
You are resistant to electric shocks. (rElec)
Your muscles are strong. (Str +4, Int/Dex -1)
Your spells are a little harder to cast, but a little more powerful.
You expend magic power (3 MP) to strengthen your wands.


   Skills:
 + Level 11.7 Fighting
 - Level 5.3 Short Blades
 * Level 15.6 Axes
 + Level 7.8 Throwing
 + Level 11.4 Armour
 + Level 11.5 Shields


You had 12 spell levels left.
You didn't know any spells.
Your spell library contained the following spells:

 Spells                   Type           Power      Damage    Failure   Level
 Sandblast                Erth           0%         2d4       100%        1
 Ensorcelled Hibernation  Hex/Ice        0%         N/A       100%        2
 Passwall                 Tmut/Erth      0%         N/A       100%        2
 Poisonous Vapours        Pois/Air       0%         N/A       100%        2
 Sublimation of Blood     Necr           0%         N/A       100%        2
 Dazzling Flash           Conj/Hex       0%         N/A       100%        3
 Gell's Gravitas          Tloc           0%         N/A       100%        3
 Mephitic Cloud           Conj/Pois/Air  0%         N/A       100%        3
 Stone Arrow              Conj/Erth      0%         3d7       100%        3
 Swiftness                Air            0%         N/A       100%        3
 Teleport Other           Tloc           0%         N/A       100%        3
 Volatile Blastmotes      Fire/Tloc      0%         2d10      100%        3
 Brom's Barrelling Bould  Conj/Erth      0%         2d3       100%        4
 Petrify                  Tmut/Erth      0%         N/A       100%        4
 Freezing Cloud           Conj/Ice/Air   0%         6-21      100%        5
 Irradiate                Conj/Tmut      0%         3d11      100%        5
 Dispersal                Tloc           0%         N/A       100%        6
 Starburst                Conj/Fire      0%         6d3       100%        6
 Maxwell's Capacitive Co  Air            0%         ∞         100%        8

Inventory:

Hand Weapons
 a - a +3 war axe of flaming {axe}
 r - the +7 broad axe of Checks and Balances (weapon) {holy, Str+7, axe}
   (You acquired it on level 5 of the Dungeon)

   Str+7:     It affects your strength (+7).
Missiles
 f - 42 poisoned darts (quivered) {throwing}
 n - 20 boomerangs {throwing}
 t - 7 curare-tipped darts {=fthrowing}
 x - 4 javelins {throwing}
 y - 20 stones {throwing}
 M - 3 darts of dispersal {=f!fthrowing}
 N - 2 silver javelins {throwing}
Armour
 b - a +0 hat of intelligence (worn)
   (You took it off Gastronok on level 2 of the Lair of Beasts)
 l - a +2 pair of boots (worn)
   (You found it on level 1 of the Dungeon)
 z - a +2 cloak (worn)
   (You took it off Crazy Yiuf on level 7 of the Dungeon)
 C - a +0 kite shield
   (You took it off a gnoll sergeant on level 5 of the Dungeon)
 L - a +2 crystal plate armour (worn) {rare=g}
   (You took it off an orc knight in a bailey)
 P - the +10 tower shield of Ignorance (worn) {rN+ Int-4}
   (Okawaru gifted it to you on level 4 of the Lair of Beasts)

   Int-4:     It affects your intelligence (-4).
   rN+:       It protects you from negative energy.
Magical Staves
 B - a staff of poison {!astaff}
   (You found it on level 3 of the Lair of Beasts)
Jewellery
 e - a +6 ring of dexterity (left hand)
   (You found it on level 1 of the Dungeon)
 K - a +4 ring of protection (right hand)
   (You found it on level 8 of the Dungeon)
Wands
 E - a wand of iceblast (5)
   (You found it on level 3 of the Lair of Beasts)
Scrolls
 i - 6 scrolls of vulnerability {!r!r}
 j - 5 scrolls of summoning
 k - 7 scrolls of teleportation {@r4}
 m - 6 scrolls of fear
 o - 5 scrolls of immolation {!r!r}
 u - 5 scrolls of identify {@r1}
 v - 3 scrolls of amnesia
 A - 2 scrolls of poison {!r}
 G - 3 scrolls of blinking {!r}
Potions
 c - a potion of enlightenment
 d - 2 potions of might
 g - 5 potions of cancellation
 h - 2 potions of berserk rage {!q}
 p - 11 potions of haste {@q3}
 q - a potion of resistance
 s - 3 potions of mutation {!q}
 w - 6 potions of attraction {!q}
 D - 3 potions of magic
 F - 3 potions of invisibility
 H - a potion of experience
 I - 5 potions of heal wounds {@q2}
 J - 3 potions of curing {@q1}
 O - a potion of lignification {unknown}

Dungeon Overview and Level Annotations

Branches:
Dungeon (9/15) Zot: 25693  Temple (1/1) D:7 Zot: 5861    Lair (4/5) D:8 Zot: 19787
 Shoals (0/4) Lair:2        Snake (0/4) Lair:3        Sewer (visited)
Ossuary (visited)          Bailey (visited)         Volcano (1/1) Zot: 5830
  Slime: Lair:4-5       Orc: D:9-12

Altars:
Ashenzari
Cheibriados
Dithmenos
Elyvilon
Fedhas
Gozag
Hepliaklqana
Kikubaaqudgha
Makhleb
Nemelex Xobeh
Okawaru
Qazlal
Ru
Sif Muna
Trog
Uskayaw
Vehumet
Wu Jian
Xom
Yredelemnul
Zin
The Shining One

Shops:
D:5

? .3 h.# .#.
......# ≈...
...... .....
#§§§§§. .....#
#§.§..
......#####§§#
.....§D......#
...§..D@§§...###
.#
#####..k§§.....##
.# #..§.§......##
.##
##..####.....##..#
#### #.......#.#
##.....##.#
##..§....#
#.......#
##..§.#.#


You could see a lindwurm (catching breath), a smoke demon and 2 steam dragons.


Message History

You take 17 damage, and now have 73/117 hp.
You closely miss the hell hound.
You headbutt the hell hound, but do no damage.
You block the hell hound's attack. The steam dragon breathes steam at you.
The ball of steam hits you but does no damage.
The ball of steam hits the hell hound.
The hell hound resists.
The hell hound bites you but does no damage.
You hear a roar! x2 😮 HP[+1]
You hit the hell hound.
The hell hound convulses.
A steam dragon comes into view.
You block the hell hound's attack.
You closely miss the hell hound. You headbutt the hell hound.
You block the hell hound's attack. The hell hound bites you. 😮 HP[-3]
You take 3 damage, and now have 71/117 hp.
You closely miss the hell hound. You headbutt the hell hound!
You closely miss the steam dragon. The steam dragon breathes steam at you.
The ball of steam misses the steam dragon.
The ball of steam hits you but does no damage.
The ball of steam hits the hell hound.
The hell hound resists.
You block the steam dragon's attack. x2; You block the hell hound's attack. 😮 HP[+1]
You miss the hell hound. You closely miss the steam dragon.
You hit the steam dragon. You slash the lindwurm!
You block the hell hound's attack. You block the lindwurm's attack.
The lindwurm claws you but does no damage. x2
The steam dragon breathes steam at you. The ball of steam hits you!
The ball of steam hits the hell hound.
The hell hound resists.
The hell hound dies!
The steam dragon completely misses you.
You block the steam dragon's attack. 😮 HP[-10]
You take 10 damage, and now have 62/117 hp.
You slash the steam dragon! You headbutt the steam dragon!
You hit the lindwurm but do no damage. You slice the steam dragon!!
You block the lindwurm's attack.
The lindwurm claws you but does no damage.
You block the lindwurm's attack. The steam dragon barely misses you.
You furiously retaliate!
You headbutt the steam dragon, but do no damage.
The steam dragon barely misses you.
You are engulfed in a cloud of scalding steam.
The lindwurm bites you. You block the lindwurm's attack. x2
You block the steam dragon's attack.
The steam dragon claws you but does no damage.
You block the steam dragon's attack.
The steam dragon claws you but does no damage.
The steam dragon bites you.
* * * LOW HITPOINT WARNING * * *
The steam dragon claws you but does no damage. 😨 HP[-8]
You take 8 damage, and now have 54/117 hp.
You hit the steam dragon. Your headbutt misses the steam dragon.
You closely miss the steam dragon. You slash the lindwurm!
You slice the steam dragon!!
You kill the steam dragon!
Okawaru accepts your kill.
You hit the steam dragon but do no damage.
You are engulfed in a cloud of scalding steam.
You block the lindwurm's attack.
The lindwurm claws you but does no damage.
You block the lindwurm's attack. You block the steam dragon's attack.
The steam dragon claws you but does no damage.
The steam dragon barely misses you. You block the steam dragon's attack.
The steam dragon barely misses you.
The steam dragon claws you but does no damage.
You barely miss the lindwurm. You slice the steam dragon!!
You kill the steam dragon!
Okawaru accepts your kill.
You slice the steam dragon!! You slash the steam dragon!
You block the lindwurm's attack. x3; The steam dragon barely misses you.
The steam dragon claws you but does no damage.
The steam dragon barely misses you. You block the steam dragon's attack.
A smoke demon comes into view. 😨 HP[+1]
You hit the lindwurm but do no damage. You completely miss the steam dragon.
You hit the steam dragon. The lindwurm breathes flames at you.
The blast of flame hits you!
* * * LOW HITPOINT WARNING * * *
The steam dragon breathes steam at you. The ball of steam hits you.
* * * LOW HITPOINT WARNING * * *
The steam dragon breathes steam at you.
The ball of steam hits you but does no damage.
The smoke demon gestures at you. Something smites you!
* * * LOW HITPOINT WARNING * * *
😨 HP[-23]
You take 23 damage, and now have 32/117 hp.
You hit the lindwurm but do no damage. Your headbutt misses the lindwurm.
You slash the steam dragon! x2
You are engulfed in a cloud of scalding steam.
* * * LOW HITPOINT WARNING * * *
The lindwurm breathes flames at you. The blast of flame hits you!!
You die...

Skill      XL: |  1  2  3  4  5  6  7  8  9 10 11 12 |
---------------+-------------------------------------+-----
Axes           | 3 4 5 6 7 8 10 11 13 15 | 15.6
Armour         | 4 5 6 7 8 10 11 | 11.4
Shields        | 4 5 6 8 9 10 11 | 11.5
Fighting       | 4 5 6 7 8 9 10 11 | 11.7
Throwing       | 1 3 4 5 6 7 |  7.8
Short Blades   | 1 3 5 |  5.3

Action                     |  1- 3 |  4- 6 |  7- 9 | 10-12 | 13-15 || total
---------------------------+-------+-------+-------+-------+-------++-------
  Melee: War axe           |    76 |   139 |   344 |   295 |       ||   854
         Headbutt          |    12 |    23 |    66 |   116 |     8 ||   225
         Broad axe         |       |       |       |   246 |    35 ||   281
  Throw: Stone             |       |       |    25 |     2 |       ||    27
         Dart              |       |       |       |     9 |       ||     9
 Invoke: Receive Armour    |       |       |       |     1 |       ||     1
    Use: Scroll            |       |       |    21 |    11 |       ||    32
         Potion            |       |       |     7 |     1 |       ||     8
 Armour: Scale mail        |    36 |    31 |       |       |       ||    67
         Skin              |       |     2 |       |       |       ||     2
         Ring mail         |       |    32 |    26 |       |       ||    58
         Storm dragon scal |       |       |   275 |   228 |       ||   503
         Crystal plate arm |       |       |       |   293 |    45 ||   338
  Dodge: Dodged            |    34 |    61 |   120 |   144 |     7 ||   366
  Block: Buckler           |    15 |    37 |    40 |       |       ||    92
         Kite shield       |       |       |   146 |   368 |       ||   514
         Tower shield      |       |       |       |    34 |    65 ||    99

Levels and vault maps discovered:
D:1:      dpeg_arrival_concentric_ovals, layout_basic,
          dreamdust_ecumenical_altar_drowned_temple
D:2:      layout_basic, minmay_diced_spiral
D:3:      layout_rooms
D:4:      layout_loops_corners, nicolae_ossuary_entry_giza, nrook_mini_vaults,
          uniq_sigmund
D:5:      layout_basic, cheibrodos_sewer_entry_bend, serial_shops,
          nicolae_shop_rolled_up
D:6:      layout_gridville, chequers_serial_rivers_micro_d, uniq_grinder
D:7:      layout_basic, temple_doors_e, uniq_jeremiah, uniq_crazy_yiuf_cottage,
          uniq_duvessa
D:8:      layout_basic, due_lair_maze_entry_diamond, minivault_10,
          minmay_curled_crystal, hangedman_decor_clover_reticule, uniq_amaemon
D:9:      layout_irregular_city, mainiacjoe_overflow_paths, demons_altar,
          enter_bailey_4, minmay_unpleasant_kobolds
Temple:   nicolae_temple_slightly_damp_pantheon
Lair:1:   layout_roguey, uniq_joseph
Lair:2:   layout_misc_corridors, minmay_shoals_entry_hut, uniq_prince_ribbit2,
          uniq_gastronok
Lair:3:   layout_cave_pods, nicolae_snake_entry_warm_welcome
Lair:4:   layout_regular_city, nicolae_volcano_entry_vermiform,
          kennysheep_abandoned_house, grunt_megastairs_4
Volcano:  hellmonk_smoking_crater

Notes
Turn   | Place    | Note
-------+----------+-------------------------------------------
     0 | D:1      | Sanktem7 the Minotaur Fighter began the quest for the Orb.
     0 | D:1      | Reached XP level 1. HP: 19/19 MP: 0/0
     0 | D:1      | magus.rc [v1.9.6]
   120 | D:1      | Found a faded altar of an unknown god.
   167 | D:1      | Reached XP level 2. HP: 26/26 MP: 1/1
   215 | D:1      | Reached skill level 3 in Axes
   643 | D:2      | Reached skill level 4 in Armour
   643 | D:2      | Reached skill level 4 in Shields
   645 | D:2      | Reached XP level 3. HP: 33/33 MP: 2/2
   647 | D:2      | Reached skill level 4 in Fighting
  1401 | D:3      | Reached XP level 4. HP: 40/40 MP: 3/3
  1405 | D:3      | You pick up a book of Burglary and begin reading...
  1405 | D:3      | You add the spells Passwall, Ensorcelled Hibernation and
                  | Swiftness to your library.
  1420 | D:3      | Reached skill level 4 in Axes
  1434 | D:3      | You pick up a book of Vapours and begin reading...
  1434 | D:3      | You add the spells Poisonous Vapours, Mephitic Cloud and
                  | Freezing Cloud to your library.
  1565 | D:3      | Noticed a centaur
  1576 | D:3      | Killed a centaur
  1577 | D:3      | Reached XP level 5. HP: 40/47 MP: 4/4
  1754 | D:4      | Reached skill level 5 in Axes
  1754 | D:4      | Identified the +2 ring mail "Sipun" {Str+3}
  1804 | D:4      | Reached XP level 6. HP: 38/55 MP: 5/5
  1870 | D:4      | Reached skill level 5 in Fighting
  1870 | D:4      | Reached skill level 5 in Armour
  1870 | D:4      | Reached skill level 5 in Shields
  2011 | D:4      | Found a sand-covered staircase.
  2020 | Ossuary  | Entered an ossuary
  2447 | Ossuary  | Reached skill level 6 in Axes
  2471 | Ossuary  | Reached XP level 7. HP: 61/61 MP: 6/6
  3008 | D:4      | Reached skill level 1 in Throwing
  3180 | D:4      | Noticed Sigmund
  3196 | D:4      | Killed Sigmund
  3197 | D:4      | Reached skill level 6 in Fighting
  3197 | D:4      | Reached skill level 7 in Axes
  3197 | D:4      | Reached skill level 6 in Shields
  3235 | D:4      | r - +0 storm dragon scales {rare}
  3246 | D:4      | You finish putting on your +0 storm dragon scales {rare}.
  3411 | D:4      | Reached skill level 6 in Armour
  3411 | D:4      | Reached XP level 8. HP: 61/70 MP: 7/7
  3651 | D:4      | Reached skill level 2 in Throwing
  3713 | D:5      | Entered Level 5 of the Dungeon
  3928 | D:5      | Found Wocy's Magic Scroll Boutique.
  4118 | D:5      | Found a glowing drain.
  4137 | Sewer    | Entered a sewer
  4468 | Sewer    | Gained mutation: You expend magic power (3 MP) to
                  | strengthen your wands. [potion of mutation]
  4471 | Sewer    | HP: 16/71 [poisoned by a kobold brigand]
  4473 | Sewer    | HP: 4/71 [poisoned by a kobold brigand]
  4477 | Sewer    | Reached skill level 8 in Axes
  4478 | Sewer    | HP: 15/71 [poisoned by a kobold brigand]
  4483 | Sewer    | HP: 8/71 [poisoned by a kobold brigand]
  5232 | D:5      | HP: 17/71 [gnoll sergeant/+2 spear of pain (3)]
  5484 | D:6      | Reached skill level 3 in Throwing
  5633 | D:6      | Noticed Grinder
  5642 | D:6      | Killed Grinder
  5643 | D:6      | Reached skill level 1 in Short Blades
  5650 | D:6      | Reached skill level 7 in Fighting
  5661 | D:6      | Reached XP level 9. HP: 48/79 MP: 8/8
  5865 | D:6      | Reached skill level 7 in Shields
  6044 | D:6      | Reached skill level 2 in Short Blades
  6044 | D:6      | Reached skill level 7 in Armour
  6073 | D:6      | Reached skill level 9 in Axes
  6806 | D:6      | Lost mutation: You expend magic power (3 MP) to strengthen
                  | your wands. [potion of mutation]
  6806 | D:6      | Gained mutation: You are clumsy. (Dex -2) [potion of
                  | mutation]
  6806 | D:6      | Gained mutation: You expend magic power (3 MP) to
                  | strengthen your wands. [potion of mutation]
  6806 | D:6      | Gained mutation: You occasionally shout uncontrollably at
                  | your foes. [potion of mutation]
  6807 | D:6      | Lost mutation: You expend magic power (3 MP) to strengthen
                  | your wands. [potion of mutation]
  6807 | D:6      | Lost mutation: You are clumsy. (Dex -2) [potion of
                  | mutation]
  6807 | D:6      | Lost mutation: You occasionally shout uncontrollably at
                  | your foes. [potion of mutation]
  6807 | D:6      | Gained mutation: You have sharp fingernails. [potion of
                  | mutation]
  6807 | D:6      | Gained mutation: You have hidden genetic defects. [potion
                  | of mutation]
  6893 | D:7      | Reached skill level 3 in Short Blades
  6893 | D:7      | Reached skill level 4 in Throwing
  6985 | D:7      | Noticed Duvessa
  6992 | D:7      | Killed Duvessa
  6993 | D:7      | Noticed Dowan
  6993 | D:7      | Noticed Jeremiah
  7003 | D:7      | Killed Dowan
  7055 | D:7      | HP: 14/73 [Jeremiah/divine providence (15)]
  7071 | D:7      | Gained mutation: You occasionally shout uncontrollably at
                  | your foes. [hidden defects]
  7303 | D:7      | Noticed a troll
  7306 | D:7      | Killed a troll
  7307 | D:7      | Reached skill level 10 in Axes
  7432 | D:7      | You pick up a book of Geomancy and begin reading...
  7432 | D:7      | You add the spells Sandblast, Stone Arrow and Brom's
                  | Barrelling Boulder to your library.
  7444 | D:7      | Identified the +8 spear of Devotion {heavy, Str+3 Int+4}
  7598 | D:7      | Found a staircase to the Ecumenical Temple.
  7603 | Temple   | Entered the Ecumenical Temple
  7635 | Temple   | Became a worshipper of Warmaster Okawaru
  7796 | D:7      | HP: 15/76 [Jeremiah/divine providence (11)]
  7798 | D:7      | Killed Jeremiah
  7799 | D:7      | Reached skill level 8 in Fighting
  7799 | D:7      | Reached skill level 8 in Shields
  7799 | D:7      | Reached XP level 10. HP: 17/86 MP: 9/9
  7804 | D:7      | Gained mutation: You are dopey. (Int -2) [hidden defects]
  7804 | D:7      | Lost mutation: You have hidden genetic defects. [hidden
                  | defects expressed]
  8135 | D:7      | Found a runed translucent door.
  8136 | D:7      | Lost mutation: You are dopey. (Int -2) [potion of mutation]
  8136 | D:7      | Lost mutation: You have sharp fingernails. [potion of
                  | mutation]
  8136 | D:7      | Lost mutation: You occasionally shout uncontrollably at
                  | your foes. [potion of mutation]
  8136 | D:7      | Gained mutation: Your muscles are strong. (Str +4, Int/Dex
                  | -1) [potion of mutation]
  8136 | D:7      | Gained mutation: Your spells are a little harder to cast,
                  | but a little more powerful. [potion of mutation]
  8136 | D:7      | Gained mutation: You are resistant to electric shocks.
                  | (rElec) [potion of mutation]
  8136 | D:7      | Gained mutation: You expend magic power (3 MP) to
                  | strengthen your wands. [potion of mutation]
  8137 | D:7      | Noticed Crazy Yiuf
  8490 | D:7      | Killed Crazy Yiuf
  8493 | D:7      | Identified the +1 hammer of Ucliess {protect, rC+ Will+
                  | Str-5}
  8622 | D:8      | Reached skill level 4 in Short Blades
  8639 | D:8      | Found a staircase to the Lair.
  8661 | D:8      | Reached skill level 8 in Armour
  8677 | D:8      | Reached * piety under Okawaru
  8776 | D:8      | Reached skill level 5 in Throwing
  8787 | D:8      | Reached skill level 11 in Axes
  9022 | D:8      | Noticed Amaemon
  9022 | D:8      | Noticed an orange demon
  9409 | D:8      | Killed an orange demon
  9409 | D:8      | Reached ** piety under Okawaru
  9410 | D:8      | Reached skill level 5 in Short Blades
  9832 | D:8      | Reached skill level 9 in Fighting
  9941 | D:8      | You add the spells Gell's Gravitas, Teleport Other and
                  | Dispersal to your library.
 10108 | D:9      | Found a hazy altar of Hepliaklqana.
 10280 | D:9      | Found a flagged portal.
 10296 | Bailey   | Entered a bailey
 10398 | Bailey   | Reached skill level 9 in Shields
 10418 | Bailey   | Reached XP level 11. HP: 38/97 MP: 10/10
 10608 | Bailey   | Noticed an orc knight
 10634 | Bailey   | Reached skill level 12 in Axes
 10655 | Bailey   | Killed an orc knight
 10655 | Bailey   | Reached *** piety under Okawaru
 10656 | Bailey   | Reached skill level 9 in Armour
 10730 | Bailey   | Identified a +0 crystal plate armour
 10730 | Bailey   | Noticed an orc knight
 10737 | Bailey   | Killed an orc knight
 10802 | Bailey   | L - a +0 crystal plate armour {rare=g}
 10810 | Bailey   | Noticed an orc knight
 10830 | Bailey   | Killed an orc knight
 10930 | Bailey   | You finish taking off your +0 storm dragon scales {rare}.
 10935 | Bailey   | You finish putting on your +0 crystal plate armour
                  | {rare=g}.
 10935 | Bailey   | You drop +0 storm dragon scales {rare}.
 10938 | Bailey   | your +0 crystal plate armour {rare=g} glows green for a
                  | moment.
 10968 | D:9      | Found a burning altar of Makhleb.
 11402 | D:9      | Reached **** piety under Okawaru
 11576 | D:9      | You pick up a book of Spectacle and begin reading...
 11576 | D:9      | You add the spells Volatile Blastmotes, Dazzling Flash,
                  | Starburst and Maxwell's Capacitive Coupling to your
                  | library.
 11809 | D:8      | Killed Amaemon
 11883 | D:5      | Bought a scroll of acquirement for 728 gold pieces
 11883 | D:5      | Acquired the +7 broad axe of Checks and Balances {holy,
                  | Str+7}
 12027 | Gauntlet | Identified the "Kotevis"
 12027 | D:15     | Identified the "Byapsima"
 12027 | Lair:1   | Entered Level 1 of the Lair of Beasts
 12038 | Lair:1   | Reached skill level 13 in Axes
 12088 | Lair:1   | Reached skill level 10 in Fighting
 12322 | Lair:1   | Reached skill level 10 in Shields
 12501 | Lair:1   | Reached ***** piety under Okawaru
 12508 | Lair:1   | Reached skill level 6 in Throwing
 12508 | Lair:1   | Reached skill level 10 in Armour
 12819 | Lair:1   | Noticed Joseph
 12828 | Lair:1   | Killed Joseph
 12829 | Lair:1   | Reached XP level 12. HP: 94/107 MP: 11/11
 13134 | Lair:1   | Noticed a boulder beetle
 13150 | Lair:1   | Killed a boulder beetle
 13150 | Lair:1   | Received a gift from Okawaru
 13156 | Lair:1   | your +1 crystal plate armour {rare=g} glows green for a
                  | moment.
 13269 | Lair:2   | Reached skill level 14 in Axes
 13389 | Lair:2   | Noticed Gastronok
 13398 | Lair:2   | Killed Gastronok
 13665 | Lair:2   | Noticed Prince Ribbit
 13670 | Lair:2   | Killed Prince Ribbit
 13675 | Lair:2   | Reached skill level 11 in Fighting
 13693 | Lair:2   | Reached skill level 7 in Throwing
 13921 | Lair:2   | Acquired 750 gold pieces
 14052 | Lair:2   | Found a staircase to the Shoals.
 14327 | Lair:2   | Reached skill level 11 in Shields
 14470 | Lair:3   | You pick up a book of Alchemy and begin reading...
 14470 | Lair:3   | You add the spells Sublimation of Blood, Petrify and
                  | Irradiate to your library.
 14693 | Lair:3   | Reached skill level 11 in Armour
 14813 | Lair:3   | Found a staircase to the Snake Pit.
 14834 | Lair:3   | Reached skill level 15 in Axes
 15033 | Lair:3   | Received a gift from Okawaru
 16046 | Lair:4   | Reached ****** piety under Okawaru
 16050 | Lair:4   | Acquired the +10 tower shield of Ignorance {rN+ Int-4}
 16050 | Lair:4   | Received a gift from Okawaru
 16050 | Lair:4   | Found the +10 tower shield of Ignorance {rN+ Int-4}
 16077 | Lair:4   | Noticed a death yak
 16088 | Lair:4   | Killed a death yak
 16091 | Lair:4   | Reached XP level 13. HP: 110/116 MP: 12/12
 16229 | Lair:4   | Found a dark tunnel.
 16238 | Volcano  | Entered a volcano
 16407 | Volcano  | HP: 26/117 [steam dragon] (6)]
 16407 | Volcano  | Killed from afar by a lindwurm

Vanquished Creatures
  Gastronok (Lair:2)
  A boulder beetle (Lair:1)
  A death yak (Lair:4)
  Amaemon (D:8)
  3 orc knights (Bailey)
  A salamander (Lair:3)
  An oklob plant (Lair:2)
  Joseph (Lair:1)
  4 elephants (Lair:4)
  2 black mambas
  11 cane toads
  5 komodo dragons
  An orange demon (D:8)
  3 rime drakes
  Jeremiah (D:7)
  A troll (D:7)
  2 hornets
  A polar bear (Lair:3)
  Prince Ribbit (Lair:2)
  A snapping turtle (Lair:2)
  2 blink frogs (Lair:2)
  2 shadows (D:9)
  2 wyverns
  A water elemental (Lair:2)
  Sigmund (D:4)
  23 yaks
  2 basilisks (Lair:1)
  4 steam dragons
  Duvessa (D:7)
  15 water moccasins
  9 orc warriors (Bailey)
  An ice beast (D:4)
  2 black bears
  2 ogres (D:6)
  14 wolves
  3 centaurs
  A phantom (D:4)
  5 kobold brigands
  20 bullfrogs
  3 gnoll sergeants
  6 scorpions
  15 wights
  Dowan (D:7)
  4 killer bees (D:8)
  An electric eel (Lair:2)
  6 howler monkeys
  4 lava snakes (Lair:3)
  A centaur zombie (Ossuary)
  6 orc priests
  A hound (D:4)
  4 jellies
  2 gnoll boudas
  2 iguanas
  3 iron imps (D:9)
  Crazy Yiuf (D:7)
  A hell rat (Lair:4)
  7 orc wizards
  4 ogre zombies (Ossuary)
  8 mummies
  15 gnolls
  7 adders
  12 river rats
  2 shadow imps (D:7)
  5 white imps
  4 ufetubi
  4 adder zombies (Ossuary)
  7 worms
  4 dart slugs
  39 orcs
  9 ball pythons
  4 bats
  7 endoplasms
  3 giant cockroaches
  8 goblins
  7 hobgoblins
  A jackal (D:2)
  3 quokkas
  5 frilled lizards
  6 goblin zombies (Ossuary)
  6 hobgoblin zombies (Ossuary)
  26 kobolds
  4 kobold zombies
  3 quokka zombies (Ossuary)
  24 rats
  4 rat zombies (Ossuary)
  A spectral goblin (D:1)
453 creatures vanquished.

Vanquished Creatures (others)
  Grinder (D:6)
  A hell hound (Volcano)
2 creatures vanquished.

Grand Total: 455 creatures vanquished

Table legend:
 A = Non-vault XP
 B = Vault XP
 C = Vault XP percentage of total XP
 D = Non-vault monster count
 E = Vault monster count
 F = Vault count percentage of total count
                 A         B        C        D         E       F
            +---------+---------+-------+---------+---------+-------
      Total |   27593 |   13731 |  33.2 |     282 |     173 |  38.0
            +---------+---------+-------+---------+---------+-------
        D:1 |      33 |       1 |   2.9 |      19 |       1 |   5.0
        D:2 |      47 |       8 |  14.5 |      16 |       3 |  15.8
        D:3 |     182 |       0 |   0.0 |      20 |       0 |   0.0
        D:4 |     789 |     234 |  22.9 |      23 |       4 |  14.8
        D:5 |     320 |       5 |   1.5 |      17 |       1 |   5.6
        D:6 |    1422 |     261 |  15.5 |      36 |       1 |   2.7
        D:7 |    1280 |     732 |  36.4 |      21 |       5 |  19.2
        D:8 |    2083 |    2520 |  54.7 |      22 |      12 |  35.3
        D:9 |    2115 |     226 |   9.7 |      25 |      14 |  35.9
     Lair:1 |    6923 |     471 |   6.4 |      25 |       1 |   3.8
     Lair:2 |    5176 |    2654 |  33.9 |      26 |       6 |  18.8
     Lair:3 |    2012 |     741 |  26.9 |      13 |       5 |  27.8
     Lair:4 |    5211 |    1436 |  21.6 |      19 |       9 |  32.1
      Sewer |       0 |     417 | 100.0 |       0 |      41 | 100.0
    Ossuary |       0 |     324 | 100.0 |       0 |      37 | 100.0
     Bailey |       0 |    3048 | 100.0 |       0 |      29 | 100.0
    Volcano |       0 |     653 | 100.0 |       0 |       4 | 100.0
            +---------+---------+-------+---------+---------+-------

Skill      XL: |  1  2  3  4  5  6  7  8  9 10 11 12 |
---------------+-------------------------------------+-----
Axes           | 3 4 5 6 7 8 10 11 13 15 | 15.6
Armour         | 4 5 6 7 8 10 11 | 11.4
Shields        | 4 5 6 8 9 10 11 | 11.5
Fighting       | 4 5 6 7 8 9 10 11 | 11.7
Throwing       | 1 3 4 5 6 7 |  7.8
Short Blades   | 1 3 5 |  5.3

Action                     |  1- 3 |  4- 6 |  7- 9 | 10-12 | 13-15 || total
---------------------------+-------+-------+-------+-------+-------++-------
  Melee: War axe           |    76 |   139 |   344 |   295 |       ||   854
         Headbutt          |    12 |    23 |    66 |   116 |     8 ||   225
         Broad axe         |       |       |       |   246 |    35 ||   281
  Throw: Stone             |       |       |    25 |     2 |       ||    27
         Dart              |       |       |       |     9 |       ||     9
 Invoke: Receive Armour    |       |       |       |     1 |       ||     1
    Use: Scroll            |       |       |    21 |    11 |       ||    32
         Potion            |       |       |     7 |     1 |       ||     8
 Armour: Scale mail        |    36 |    31 |       |       |       ||    67
         Skin              |       |     2 |       |       |       ||     2
         Ring mail         |       |    32 |    26 |       |       ||    58
         Storm dragon scal |       |       |   275 |   228 |       ||   503
         Crystal plate arm |       |       |       |   293 |    45 ||   338
  Dodge: Dodged            |    34 |    61 |   120 |   144 |     7 ||   366
  Block: Buckler           |    15 |    37 |    40 |       |       ||    92
         Kite shield       |       |       |   146 |   368 |       ||   514
         Tower shield      |       |       |       |    34 |    65 ||    99

Illustrated notes

Table legend:
 A = Kills in this place as a percentage of kills in the entire game.
 B = Kills by you in this place as a percentage of kills by you in the entire game.
 C = Kills by friends in this place as a percentage of kills by friends in the entire game.
 D = Other kills in this place as a percentage of other kills in the entire game.
 E = Experience gained in this place as a percentage of experience gained in the entire game.
 F = Experience gained in this place divided by the number of levels of this place that you have seen.
                   A       B       C       D       E      F
               +-------+-------+-------+-------+-------+----------------------
         Total | 100.0 | 100.0 |   N/A | 100.0 | 100.0 | 2295.8
       Dungeon |  52.7 |  52.8 |   N/A |  50.0 |  29.7 | 1362.0
          Lair |  22.9 |  23.0 |   N/A |   0.0 |  59.6 | 6156.0
         Sewer |   9.0 |   9.1 |   N/A |   0.0 |   1.0 | 417.0
       Ossuary |   8.1 |   8.2 |   N/A |   0.0 |   0.8 | 324.0
        Bailey |   6.4 |   6.4 |   N/A |   0.0 |   7.4 | 3048.0
       Volcano |   0.9 |   0.7 |   N/A |  50.0 |   1.6 | 653.0
               +-------+-------+-------+-------+-------+----------------------

Table legend: (Time is in decaauts)
 A = Elapsed time spent in this place.
 B = Non-inter-level travel time spent in this place.
 C = Inter-level travel time spent in this place.
 D = Time resting spent in this place.
 E = Time spent auto-exploring this place.
 F = Levels seen in this place.
 G = Mean time per level.
                   A        B        C        D        E       F      G
               +--------+--------+--------+--------+--------+-----+--------+
         Total |  16556 |  15936 |    620 |   1033 |  11044 |  18 |  919.8 |
       Dungeon |   9832 |   9294 |    538 |    344 |   6663 |   9 | 1092.4 |
        Temple |    138 |    138 |      0 |     81 |      0 |   1 |  138.0 |
          Lair |   4212 |   4130 |     82 |      0 |   3223 |   4 | 1053.0 |
         Sewer |    793 |    793 |      0 |    215 |    417 |   1 |  793.0 |
       Ossuary |    764 |    764 |      0 |     37 |    531 |   1 |  764.0 |
        Bailey |    646 |    646 |      0 |    226 |    204 |   1 |  646.0 |
       Volcano |    168 |    168 |      0 |    130 |      5 |   1 |  168.0 |
               +--------+--------+--------+--------+--------+-----+--------+

Top non-repeatable levels by time:
     D:6: 1659 daAuts
     D:7: 1513 daAuts
     D:8: 1437 daAuts
  Lair:3: 1312 daAuts
     D:4: 1237 daAuts
  Lair:1: 1228 daAuts
  Lair:2: 1183 daAuts
     D:5: 1121 daAuts
     D:9: 1069 daAuts
   Sewer: 793 daAuts
 Ossuary: 764 daAuts
     D:2: 763 daAuts
  Bailey: 646 daAuts
     D:1: 642 daAuts
  Lair:4: 488 daAuts
